 Dungeon Crawl Stone Soup version 0.31-a0-198-g2ad674f65e (webtiles) character file.

Game seed: 15446163675207494833

19 qw the Shooter (level 2, -2/16 HPs)
             Began as a Deep Elf Hunter on June 25, 2023.
             Succumbed to their own poison gas
             ... on level 1 of the Dungeon.
             The game lasted 00:00:16 (843 turns).

qw the Shooter (Deep Elf Hunter)                     Turns: 843, Time: 00:00:17

Health: -2/16      AC:  5    Str:  8    XL:     2   Next: 55%
Magic:  4/4        EV: 10    Int: 13    God:
Gold:   42         SH:  0    Dex: 18    Spells: 1/1 levels left

rFire   + . .        a - +6 arbalest "Adauzulo" {freeze, +Blink rF+ rCorr}
rCold   . . .        (shield currently unavailable)
rNeg    . . .        h - +0 ring mail
rPois   .            (no helmet)
rElec   .            (no cloak)
rCorr   +            (no gloves)
SInv    .            (no boots)
Will    +....        (no amulet)
Stlth   +            i - ring of willpower
HPRegen 0.22/turn    (no ring)
MPRegen 0.09/turn

%: no passive effects
@: lethally poisoned (-2 -> -19)
A: no striking features
a: Evoke Blink


You were on level 1 of the Dungeon.
You visited 1 branch of the dungeon, and saw 1 of its levels.

You collected 42 gold pieces.


   Skills:
 - Level 1.5 Fighting
 + Level 6.3 Ranged Weapons
 - Level 2.4 Dodging
 - Level 1.2 Stealth


You had one spell level left.
You didn't know any spells.
Your spell library was empty.

Inventory:

Hand Weapons
 a - the +6 arbalest "Adauzulo" (weapon) {freeze, +Blink rF+ rCorr}
   (You acquired it on level 1 of the Dungeon)

   rF:        It protects you from fire.
   +Blink:    It lets you blink.
   rCorr:     It protects you from acid and corrosion.
Armour
 h - a +0 ring mail (worn)
Jewellery
 i - a ring of willpower (left hand)
Potions
 f - a potion of brilliance {unknown}

Dungeon Overview and Level Annotations

Branches:
Dungeon (1/15)

Altars:


Message History

838 ||| READING scroll labelled YRAOQ NIDE.
The air fills with toxic fumes!
As you read the scroll labelled YRAOQ NIDE, it crumbles to dust.
It was a scroll of poison.
Done exploring.
839 ||| READING scroll labelled JESHRAIDDEU.
As you read the scroll labelled JESHRAIDDEU, it dissolves into smoke.
It was a scroll of fog.
Done exploring.
840 ||| READING scroll labelled AQORIN WARIUMMI.
As you read the scroll labelled AQORIN WARIUMMI, it crumbles to dust.
You assume a fearsome visage.
Nothing appears to happen.
It was a scroll of fear.
Done exploring.
841 ||| DROPPING scroll of butterflies.
You drop a scroll of butterflies.
Done exploring.
(D) Dungeon
Where to? (* - list waypoints, ? - help)
What level of the Dungeon? (default 1, ? - help) Sorry, I don't know how to get there.
Enter note:
Enter note:
Enter note:
Enter note:
Enter note:
Enter note:
Enter note:
Enter note:
Enter note:
Enter note:
Enter note:
Enter note: Really walk into that cloud of poison gas?
You enter the shallow water.
Moving in this stuff is going to be slow.
You are engulfed in poison gas.
You are lethally poisoned!
Ouch! That really hurt!
You feel very sick.
843 ||| Stepping ~*~*~tactically~*~*~ (cloud).
You die...

##.~~PP#..P~~~PP.####.......
#~P~0¤¤..P~~PP¤............
#PP~7PPPPP~7PP##.##..#.....
#~P~~~PPPP7PP¤.......#.....
##P~~77P77¤P¤#.###.#.##.###
#PP~7~7¤¤¤P##.# #.#.##.#
##PP7¤77¤PP##¤# #.#.##.###
#PP¤¤¤¤¤¤0¤¤0# #.#.......
#¤PP0¤¤P@¤#### #.#.######
##PPP0P¤P¤# #.........
##¤¤¤¤¤¤0# ###.#####.
######### #.# #. #.#####.
#....... ########


There were no monsters in sight!

Vanquished Creatures
  2 dart slugs (D:1)
  A ball python (D:1)
  An endoplasm (D:1)
  A goblin (D:1)
  4 hobgoblins (D:1)
  4 kobolds (D:1)
13 creatures vanquished.

Notes
Turn   | Place    | Note
-------+----------+-------------------------------------------
     0 | D:1      | qw the Deep Elf Hunter began the quest for the Orb.
     0 | D:1      | Reached XP level 1. HP: 12/12 MP: 3/3
     0 | D:1      | 0 ||| qw: Version: 0.3-a-22-g0ed2b0b
     0 | D:1      | 0 ||| qw: Game counter: 5197
     0 | D:1      | 0 ||| qw: Melee chars always use a shield: true
     0 | D:1      | 0 ||| qw: God list: Okawaru
     0 | D:1      | 0 ||| qw: Allow faded altars: false
     0 | D:1      | 0 ||| qw: Do Orc after clearing Dungeon:15 true
     0 | D:1      | 0 ||| qw: Do second Lair branch before Depths: true
     0 | D:1      | 0 ||| qw: Lair rune preference: random
     0 | D:1      | 0 ||| qw: Goals: Normal
     0 | D:1      | 0 ||| PLANNING D:1-11
   117 | D:1      | 117 ||| FLEEEEING.
   119 | D:1      | 119 ||| FLEEEEING.
   121 | D:1      | 121 ||| FLEEEEING.
   162 | D:1      | Reached XP level 2. HP: 16/16 MP: 4/4
   181 | D:1      | Reached skill level 6 in Ranged Weapons
   808 | D:1      | 808 ||| UPGRADING to +0 scale mail.
   818 | D:1      | 818 ||| DROPPING +0 leather armour.
   819 | D:1      | 819 ||| UPGRADING to +0 ring mail.
   829 | D:1      | 829 ||| DROPPING +0 scale mail.
   830 | D:1      | 830 ||| UPGRADING to ring of willpower.
   831 | D:1      | 831 ||| READING scroll labelled JOG JUULOCO.
   832 | D:1      | 832 ||| READING scroll labelled NAOTUKEETWU.
   833 | D:1      | 833 ||| READING scroll labelled SUNNUKH HIMAKA.
   833 | D:1      | Identified a scroll of acquirement
   833 | D:1      | 833 ||| ACQUIRING +6 arbalest "Adauzulo" {freeze, +Blink
                  | rF+ rCorr}
   833 | D:1      | Acquired the +6 arbalest "Adauzulo" {freeze, +Blink rF+
                  | rCorr}
   835 | D:1      | 835 ||| SWAPPING to +6 arbalest "Adauzulo" {freeze, +Blink
                  | rF+ rCorr}.
   836 | D:1      | 836 ||| DROPPING +0 shortbow.
   837 | D:1      | 837 ||| READING scroll labelled GANUHA YSAINOUH.
   838 | D:1      | 838 ||| READING scroll labelled YRAOQ NIDE.
   839 | D:1      | 839 ||| READING scroll labelled JESHRAIDDEU.
   840 | D:1      | 840 ||| READING scroll labelled AQORIN WARIUMMI.
   841 | D:1      | 841 ||| DROPPING scroll of butterflies.
   842 | D:1      | HP: 3/16 [poisoned by you (poison gas)]
   843 | D:1      | 843 ||| Stepping ~*~*~tactically~*~*~ (cloud).
   843 | D:1      | Succumbed to their own poison gas

Levels and vault maps discovered:
D:1:      dpeg_arrival_rooms_c, layout_basic, serial_bayou_lagoon_a

Skill      XL: |  1  2 |
---------------+-------+-----
Ranged Weapons | 6 |  6.3
Fighting       | |  1.5
Dodging        | |  2.4
Stealth        | |  1.2

Action                     || total
---------------------------++-------
   Fire: Shortbow          ||    35
    Use: Scroll            ||     7
 Armour: Leather armour    ||     4
  Dodge: Dodged            ||     4

Table legend:
 A = Non-vault XP
 B = Vault XP
 C = Vault XP percentage of total XP
 D = Non-vault monster count
 E = Vault monster count
 F = Vault count percentage of total count
                 A         B        C        D         E       F
            +---------+---------+-------+---------+---------+-------
      Total |      28 |       0 |   0.0 |      13 |       0 |   0.0
            +---------+---------+-------+---------+---------+-------
        D:1 |      28 |       0 |   0.0 |      13 |       0 |   0.0
            +---------+---------+-------+---------+---------+-------
